 Dungeon Crawl Stone Soup version 0.30-a0-1085-g990a428a5c (webtiles) character file.

Game seed: 14206084934632154959

7545 BubbleThief the Fighter (level 11, -16/108 HPs)
             Began as a Naga Cinder Acolyte on Apr 16, 2023.
             Was an Elder of Ignis.
             Demolished by a cane toad (22 damage)
             ... on level 2 of the Lair of Beasts on Apr 17, 2023.
             The game lasted 00:16:56 (9385 turns).

BubbleThief the Fighter (Naga Cinder Acolyte)       Turns: 9385, Time: 00:16:57

Health: -16/108    AC:  7    Str: 20    XL:     11   Next: 16%
Magic:  20/31      EV: 14    Int: 16    God:    Ignis [****..]
Gold:   642        SH:  0    Dex:  6    Spells: 23/25 levels left

rFire   + . .      SeeInvis +    B - +4 hammer (protect)
rCold   + + .      Faith    .    (no shield)
rNeg    + . .      Spirit   .    l - +1 robe of Day {rC++ rN+}
rPois   +          Reflect  .    (no helmet)
rElec   .          Rampage  .    E - +1 cloak
rCorr   .                        (no gloves)
Will    +....                    (no barding)
Stlth   +                        n - amulet of magic regeneration
HPRegen 0.38/turn                t - +5 ring of evasion
MPRegen 0.62/turn                c - ring of magical power

@: very slow
A: AC +3, large, see invisible, deformed body, poison resistance, slowness 2,
spit poison 1, naga tail 1
a: Spit Poison, Renounce Religion, Fiery Armour, Foxfire Swarm, Rising Flame


You were on level 2 of the Lair of Beasts.
You worshipped Ignis.
Ignis was greatly pleased with you.
You visited 2 branches of the dungeon, and saw 10 of its levels.

You collected 642 gold pieces.

Inventory:

Hand Weapons
 a - a -1 mace of flaming
 z - a +2 mace of pain
 B - a +4 hammer of protection (weapon)
Missiles
 q - a throwing net
Armour
 l - the +1 robe of Day (worn) {rC++ rN+}
   (You found it on level 2 of the Dungeon)

   rC:        It greatly protects you from cold.
   rN:        It protects you from negative energy.
 E - a +1 cloak (worn)
Jewellery
 c - a ring of magical power (right hand)
 d - a ring of willpower
 g - a +6 ring of intelligence
 h - a ring of wizardry
 j - a ring of ice
 n - an amulet of magic regeneration (around neck)
 t - a +5 ring of evasion (left hand)
 u - a ring of protection from fire
 y - a ring of protection from fire
 G - an amulet of regeneration
Wands
 C - a wand of paralysis (14)
 N - a wand of roots (5)
Scrolls
 e - 2 scrolls of identify
 i - 2 scrolls of fear
 k - 2 scrolls of teleportation
 w - 2 scrolls of amnesia
 I - a scroll of brand weapon
 J - 2 scrolls of blinking
Potions
 b - 2 potions of resistance
 f - 2 potions of heal wounds
 m - 4 potions of attraction
 r - 3 potions of mutation
 v - a potion of haste
 x - 2 potions of magic
 A - a potion of invisibility
 D - 2 potions of brilliance
 F - a potion of cancellation
 K - a potion of might
 L - a potion of flight
 M - a potion of berserk rage


   Skills:
 + Level 10.1 Fighting
 + Level 10.0 Maces & Flails
 - Level 7.5 Spellcasting
 - Level 7.0 Fire Magic


You had 23 spell levels left.
You knew the following spells:

 Your Spells              Type           Power      Damage    Failure   Level
a - Scorch                Fire           56%        2d7       1%          2

Your spell library contained the following spells:

 Spells                   Type           Power      Damage    Failure   Level
 Inner Flame              Hex/Fire       17%        N/A       9%          3
 Volatile Blastmotes      Fire/Tloc      34%        2d12      9%          3
 Necrotise                Necr           24%        1d5       12%         1
 Cigotuvi's Dreadful Rot  Necr/Pois/Air  12%        N/A       19%         2
 Dazzling Flash           Conj/Hex       12%        N/A       34%         3
 Vampiric Draining        Necr           6%         2d6       34%         3
 Dispel Undead            Necr           6%         3d8       75%         4
 Iskenderun's Mystic Bla  Conj/Tloc      6%         2d4       75%         4
 Agony                    Necr           6%         N/A       97%         5
 Yara's Violent Unravell  Hex/Tmut       3%         3d4       97%         5
 Starburst                Conj/Fire      8%         6d4       99%         6
 Death Channel            Necr           3%         N/A       100%        6
 Enfeeble                 Hex            3%         N/A       100%        7


Dungeon Overview and Level Annotations

Branches:
Dungeon (8/15)             Temple (0/1) D:7            Lair (2/5) D:8
 Shoals (0/4) Lair:2
  Snake: Lair:2-3    Spider: Lair:2-3

Altars:
Ashenzari
Elyvilon
Fedhas
Okawaru
Vehumet
The Shining One

Portals:
Ice
Cave: Lair:2

Annotations:
Lair:2 3 runed translucent doors, Likado's ghost, journeyman DrCj


Innate Abilities, Weirdness & Mutations

Your serpentine skin is tough. (AC +3)
You have supernaturally acute eyesight. (SInv)
Armour fits poorly on your strangely shaped body.
Your system is resistant to poisons. (rPois)
You cover ground very slowly.
You can spit poison.
You have a snake-like lower body.


Message History

Confirm with . or Enter, or press ? or * to list all spells.
Flames lash the wyvern.
The wyvern is burned terribly!
The wyvern is severely wounded.
You feel sick. The wyvern bites you!
* * * LOW HITPOINT WARNING * * *
Unknown command.
Casting: Scorch (safe; 1% risk of failure)
Confirm with . or Enter, or press ? or * to list all spells.
Flames lash the cane toad.
The cane toad is burned terribly!
The cane toad is heavily wounded.
You have got your breath back.
You feel sick.
The wyvern bites you but does no damage.
The wyvern closely misses you.
Casting: Scorch (safe; 1% risk of failure)
Confirm with . or Enter, or press ? or * to list all spells.
Flames lash the wyvern.
The wyvern is burned terribly!
The wyvern is severely wounded.
You feel sick. The wyvern bites you.
* * * LOW HITPOINT WARNING * * *
Unknown command.
You feel better. The wyvern bites you!
* * * LOW HITPOINT WARNING * * *
The wyvern bites you but does no damage.
Unknown command.
Unknown command.
Casting: Scorch (safe; 1% risk of failure)
Confirm with . or Enter, or press ? or * to list all spells.
Flames lash the wyvern.
The wyvern is burned terribly!
You kill the wyvern!
Casting: Scorch (safe; 1% risk of failure)
Confirm with . or Enter, or press ? or * to list all spells.
Flames lash the cane toad.
The cane toad is burned terribly!
The cane toad is almost dead.
The cane toad closely misses you.
Casting: Scorch (safe; 1% risk of failure)
Confirm with . or Enter, or press ? or * to list all spells.
Flames lash the cane toad but do no damage.
The cane toad stings you!!
You die...

*** **,*** ##* *##
*,,,,#####.######P######
*,,,,.......#.#........#
*,,,*,##....#.........,#
*,*,#.#...P.##...#..,..#
+,*,P.#P.PP....F#.#....#
#.P.......#.#..#@∩.#,,,*
#...#.#.P...##..#.#....#
#.#.........+.+..#..,..#
,......##.#.##P.......,#*
*,#.#.......###........P*
#.#...P.P.#..#.........#*
#.....#..$...#.........#**
#####...........+***.PPP,*
#..#P.###+++###...,,,,,,,*


You could see a cane toad (combustible).

Vanquished Creatures
  A boulder beetle (Lair:1)
  Pikel (D:6)
  An elephant (D:8)
  2 komodo dragons (Lair:1)
  A cane toad (Lair:1)
  A shadow (D:7)
  8 yaks
  3 wyverns
  4 basilisks
  3 vampire mosquitoes (D:8)
  Menkaure (D:6)
  2 water moccasins
  2 ice beasts
  An orc warrior (D:4)
  A sky beast (D:7)
  2 black bears
  An ogre (D:6)
  A centaur (D:7)
  2 phantoms
  A lemure (D:6)
  A kobold brigand (D:8)
  3 bullfrogs
  2 gnoll sergeants
  3 scorpions (D:4)
  A vampire bat (D:5)
  4 hounds
  2 jellies
  3 orc priests
  A gnoll bouda (D:4)
  Crazy Yiuf (D:5)
  9 orc wizards
  A sleepcap (D:8)
  2 iguanas
  8 gnolls
  5 adders
  A shadow imp (D:6)
  A white imp (D:6)
  An ufetubus (D:6)
  A worm (D:3)
  3 dart slugs
  3 fire bats (D:5)
  24 orcs
  2 spectral bats (D:5)
  14 bats
  3 bat skeletons (D:5)
  A bat zombie (D:5)
  3 endoplasms
  2 giant cockroaches
  13 goblins
  14 hobgoblins
  15 kobolds
  7 quokkas
  7 ball pythons
  A bat simulacrum (D:5)
  6 frilled lizards
  5 rats
  A butterfly (Lair:1)
213 creatures vanquished.

Vanquished Creatures (collateral kills)
  An endoplasm (D:4)
1 creature vanquished.

Vanquished Creatures (others)
  A fungus (Lair:2)
  3 plants (Lair:2)
4 creatures vanquished.

Grand Total: 218 creatures vanquished

Notes
Turn   | Place    | Note
-------+----------+-------------------------------------------
     0 | D:1      | BubbleThief the Naga Cinder Acolyte began the quest for the
                  | Orb.
     0 | D:1      | Reached XP level 1. HP: 21/21 MP: 2/2
   291 | D:1      | Reached XP level 2. HP: 18/28 MP: 3/3
   301 | D:1      | HP: 1/28 [frilled lizard (1)]
   358 | D:1      | Learned a level 2 spell: Scorch
   590 | D:1      | Reached XP level 3. HP: 34/34 MP: 5/5
  1106 | D:2      | Identified the +1 robe of Day {rC++ rN+}
  1214 | D:2      | Reached XP level 4. HP: 42/42 MP: 6/6
  2900 | D:4      | Reached XP level 5. HP: 50/50 MP: 8/8
  2958 | D:4      | Found a broken altar of Ashenzari.
  3048 | D:4      | Noticed a phantom
  3062 | D:4      | Reached XP level 6. HP: 57/57 MP: 10/10
  3100 | D:4      | Noticed an orc warrior
  3368 | D:4      | Found a blossoming altar of Fedhas.
  3783 | D:5      | Entered Level 5 of the Dungeon
  3783 | D:5      | Noticed a black bear
  3788 | D:5      | Killed a black bear
  3812 | D:4      | Reached XP level 7. HP: 46/66 MP: 5/11
  4006 | D:5      | Reached skill level 5 in Fighting
  4122 | D:5      | Reached skill level 5 in Maces & Flails
  4122 | D:5      | Reached skill level 5 in Fire Magic
  4175 | D:5      | Reached XP level 8. HP: 72/74 MP: 13/13
  4260 | D:5      | Found a radiant altar of Vehumet.
  4261 | D:5      | Found a white marble altar of Elyvilon.
  4338 | D:5      | Found an iron altar of Okawaru.
  4393 | D:5      | Found a runed translucent door.
  4394 | D:5      | Noticed Crazy Yiuf
  4399 | D:5      | Killed Crazy Yiuf
  5344 | D:6      | Noticed Pikel
  5357 | D:6      | Killed Pikel
  5358 | D:6      | Reached skill level 5 in Spellcasting
  5358 | D:6      | Reached XP level 9. HP: 72/85 MP: 16/16
  5750 | D:6      | Noticed Menkaure
  5752 | D:6      | Killed Menkaure
  5818 | D:6      | Found a glowing golden altar of the Shining One.
  6101 | D:7      | Found a staircase to the Ecumenical Temple.
  6594 | D:8      | Noticed an elephant
  7013 | D:8      | Found a staircase to the Lair.
  7067 | D:8      | Killed an elephant
  7068 | D:8      | Reached XP level 10. HP: 84/96 MP: 19/19
  7816 | Lair:1   | Entered Level 1 of the Lair of Beasts
  8236 | Lair:1   | Noticed a cane toad
  8242 | Lair:1   | Killed a cane toad
  8349 | Lair:1   | Noticed a boulder beetle
  8372 | Lair:1   | Killed a boulder beetle
  9093 | Lair:2   | Reached XP level 11. HP: 83/108 MP: 22/22
  9195 | Lair:2   | Reached skill level 10 in Fighting
  9313 | Lair:2   | Reached skill level 10 in Maces & Flails
  9359 | Lair:2   | Found a runed translucent gate.
  9359 | Lair:2   | Found a runed translucent gate.
  9359 | Lair:2   | Found a runed translucent gate.
  9359 | Lair:2   | Noticed a minotaur
  9359 | Lair:2   | Noticed Likado's ghost (journeyman DrCj)
  9370 | Lair:2   | Found a frozen archway.
  9382 | Lair:2   | HP: 5/108 [wyvern (14)]
  9385 | Lair:2   | Demolished by a cane toad

Illustrated notes

Levels and vault maps discovered:
D:1:      minmay_arrival_split_and_join, layout_rooms
D:2:      cheibrodos_greedy_goblins, layout_basic
D:3:      layout_basic, minmay_unequal
D:4:      layout_gridville, general_overflow_altar,
          mainiacjoe_overflow_cross_hatched, nzn_random_ring
D:5:      layout_cave_pools, mainiacjoe_overflow_concentric_impassable,
          mainiacjoe_overflow_divided_tiny, nrook_campfire, goddamned_bats,
          uniq_crazy_yiuf_cottage
D:6:      layout_loops_ring, lemuel_round_altar, minmay_crossroads,
          uniq_menkaure, uniq_pikel
D:7:      layout_cave_pools, minmay_temple_entry_gardened_gates,
          water_maze_lemuel
D:8:      layout_gridville, david_lair_generic
Lair:1:   layout_loops_ring, lemuel_fruit_fields, grunt_megastairs_4
Lair:2:   layout_roguey, shoals_dummy_entry, portal_ice_cave_entry_pillars_2,
          maelrawn_ghost_gauntlet_escape, lemuel_another_geyser

Skill      XL: |  1  2  3  4  5  6  7  8  9 10 11 |
---------------+----------------------------------+-----
Spellcasting   | 2 3 5 6 7 |  7.5
Fighting       | 4 5 6 7 9 10 | 10.1
Fire Magic     | 4 5 6 7 |  7.0
Maces & Flails | 4 5 6 7 9 10 | 10.0

Action                     |  1- 3 |  4- 6 |  7- 9 | 10-12 || total
---------------------------+-------+-------+-------+-------++-------
  Melee: Mace              |    26 |       |    10 |       ||    36
         Punch             |     1 |       |       |       ||     1
   Cast: Scorch            |    20 |    75 |   189 |   120 ||   404
 Invoke: Fiery Armour      |       |     1 |     2 |     1 ||     4
Ability: Spit Poison       |    30 |    14 |    23 |    24 ||    91
  Evoke: Wand              |       |       |     1 |       ||     1
    Use: Scroll            |       |     8 |     4 |    14 ||    26
         Potion            |       |       |       |     1 ||     1
 Armour: Robe              |    11 |    24 |    41 |    27 ||   103
  Dodge: Dodged            |    23 |    27 |   150 |    56 ||   256

Table legend: (Time is in decaauts)
 A = Elapsed time spent in this place.
 B = Non-inter-level travel time spent in this place.
 C = Inter-level travel time spent in this place.
 D = Time resting spent in this place.
 E = Time spent auto-exploring this place.
 F = Levels seen in this place.
 G = Mean time per level.
                   A        B        C        D        E       F      G
               +--------+--------+--------+--------+--------+-----+--------+
         Total |  11864 |  11294 |    570 |    346 |   9480 |  10 | 1186.4 |
       Dungeon |   9920 |   9376 |    544 |    346 |   7859 |   8 | 1240.0 |
          Lair |   1943 |   1918 |     25 |      0 |   1621 |   2 |  971.5 |
               +--------+--------+--------+--------+--------+-----+--------+

Top non-repeatable levels by time:
  Lair:1: 1582 daAuts
     D:2: 1434 daAuts
     D:4: 1431 daAuts
     D:8: 1420 daAuts
     D:5: 1189 daAuts
     D:6: 1182 daAuts
     D:3: 1152 daAuts
     D:1: 1124 daAuts
     D:7: 985 daAuts
  Lair:2: 360 daAuts
